[Event "*** Titled Tuesday Blitz"]
[Site "Chess.com"]
[Date "2020.05.26"]
[Round "1"]
[White "Carnivoras"]
[Black "Xeslu"]
[Result "1/2-1/2"]
[WhiteElo "2613"]
[BlackElo "2296"]
[TimeControl "180+1"]
[EndTime "10:07:59 PDT"]
[Termination "Game drawn by repetition"]

1. d4 d5 2. Nf3 c6 3. Bf4 Qb6 4. Qc1 g6 5. e3 Bg7 6. Bd3 Nf6 7. O-O O-O 8. c4 Bf5 9. Bxf5 gxf5 10. Nc3 Nbd7 11. Qc2 e6 12. c5 Qa6 13. b4 Ne4 14.
Rfc1 b6 15. b5 cxb5 16. c6 Ndf6 17. Ne5 b4 18. Ne2 Rfc8 19. Qd3 Qxd3 20. Nxd3 a5 21.
Rc2 Nc3 22. c7 Nh5 23. Nxc3 Nxf4 24. Nxf4 Rxc7 25. Rac1 Rac8 26. Nfe2 bxc3 27. Rxc3 Rxc3 28. Rxc3 Rxc3 29. Nxc3 Bf8 30. Kf1 Bb4 31. Nb5 Kf8 32. Ke2 Ke7 33. a4 Kd7 34. f3 f6 35. Kd3 Kc6 36.
Ke2 Bd6 37. Kd3 Bxh2 38. f4 Bg3 39. Ke2 Bh4 40. Kf3 Be1 41. Ke2 Bb4 42. Kf2 Bd6 43.
Kg3 e5 44. fxe5 fxe5 45. Kh4 f4 46. exf4 exf4 47. Kg4 Bb8 48. Kf5 Kd7 49. Kg5 Ke6 50. Kg4 Kf6 51. Nc3 Ke6 52. Nb5 Kf6 53. Nc3 Ke6 54.
Nb5 1/2-1/2

[Event "*** Titled Tuesday Blitz"]
[Site "Chess.com"]
[Date "2020.05.26"]
[Round "1"]
[White "Chigorinetz"]
[Black "WinstonSilvakov"]
[Result "1-0"]
[WhiteElo "2497"]
[BlackElo "2097"]
[TimeControl "180+1"]
[EndTime "10:07:59 PDT"]
[Termination "Chigorinetz won by resignation"]

1. e4 Nf6 2. Nc3 d5 3. e5 Nfd7 4. e6 fxe6 5. Nf3 c5 6. d4 cxd4 7. Nxd4 Nf6 8. Bb5+ Bd7 9. Nxe6 Qb6 10. Qe2 a6 11.
Bxd7+ Nbxd7 12. O-O Nc5 13. Nf4 O-O-O 14. Nd3 Nxd3 15.
cxd3 e6 16. Bf4 Bd6 17. Qxe6+ Kb8 18. Rfe1 Qc7 19. Bxd6 Rxd6 20. Qe7 Rd7 21. Qe5 Qxe5 22. Rxe5 Rc8 23. d4 Rc4 24. Rd1 b5 25. a3 b4 26.
axb4 Rxb4 27. Rd2 Rdb7 28. Ree2 a5 29. f3 a4 30. Kf2 Rc7 31. g4 Rbc4 32. Nb1 h5 33. h3 hxg4 34. hxg4 Rf7 35. Kg3 Rb4 36. Nc3 Rb3 37. Re5 a3 38. Ree2 axb2 39. Rxb2 Rxb2 40.
Rxb2+ Kc7 41. Ra2 Kd6 42. Ra6+ Kd7 43. g5 Ne8 44. Ra7+ Kd6 45. Rxf7 1-0

[Event "*** Titled Tuesday Blitz"]
[Site "Chess.com"]
[Date "2020.05.26"]
[Round "1"]
[White "fridaywins"]
[Black "Ar4uha"]
[Result "0-1"]
[WhiteElo "2224"]
[BlackElo "2572"]
[TimeControl "180+1"]
[EndTime "10:08:00 PDT"]
[Termination "Ar4uha won by checkmate"]

1. e4 e6 2. d4 d5 3. Nc3 Bb4 4. Ne2 dxe4 5. a3 Bxc3+ 6. Nxc3 Nc6 7. Bb5 Ne7 8. O-O O-O 9. Be3 f5 10. Bxc6 bxc6 11. Na4 f4 12. Bc1 f3 13. Nc5 Nf5 14.
c3 Qh4 15. gxf3 Qh3 16. Kh1 exf3 17. Rg1 Rf6 18. Bf4 Rg6 19. Rxg6 hxg6 20. Qg1 Kf7 21. Ne4 Qh5 22. Ng5+ Kg8 23. Be5 Nh4 24. Qg3 Bd7 25. b4 Rf8 26. Rg1 c5 27. bxc5 Bc6 28. h3 Rf5 29.
Kh2 Ng2 30. Nxe6 Rf7 31. Nxg7 Rxg7 32. Bxg7 Bd7 33. Be5 c6 34. Rxg2 fxg2 35. Qxg2 Qf5 36. Qg3 Kf7 37. f4 Be6 38. Qg2 Bd5 39. Qf2 Qe4 40. Kg3 Ke6 41. Kh4 Qf5 42. Kg3 Qe4 43.
c4 Bxc4 44. f5+ gxf5 45. Qf4 Qe1+ 46. Kg2 Bd5+ 47. Kh2 Qh1+ 48. Kg3 Qe1+ 49. Kh2 Be4 50. Qh6+ Kd5 51. Qg7 Kc4 52. Qf7+ Kc3 53. Qh5 Qf2# 0-1

[Event "*** Titled Tuesday Blitz"]
[Site "Chess.com"]
[Date "2020.05.26"]
[Round "1"]
[White "gliglu"]
[Black "Man-Chuk"]
[Result "0-1"]
[WhiteElo "2376"]
[BlackElo "2742"]
[TimeControl "180+1"]
[EndTime "10:08:01 PDT"]
[Termination "Man-Chuk won by resignation"]

1. d4 g6 2. c4 Bg7 3. e4 d6 4.
Nc3 Nd7 5. Bd3 Bxd4 6. Nge2 Bg7 7. O-O Ngf6 8. f4 O-O 9. h3 Nc5 10. Bc2 Be6 11. e5 dxe5 12. Be3 Qxd1 13. Raxd1 Nfd7 14. b4 Na6 15. a3 exf4 16. Bxf4 Ne5 17. c5 c6 18. Nd4 Bc4 19. Rfe1 Nd3 20. Bxd3 Bxd4+ 21. Kf1 Bxc3 22. Bxc4 Bxe1 23. Rxe1 Rfe8 24. Kf2 Rad8 25. Kf3 Kg7 26. g4 Rd7 27. g5 Nc7 28. Be5+ Kf8 29.
Ke4 Nd5 30. Rf1 f5+ 31. Kf3 a6 32. Re1 Nc7 33. h4 Red8 34. h5 gxh5 35. Rh1 Nd5 36.
Rxh5 Kg8 37. Rh6 Rf8 38. g6 hxg6 39. Rxg6+ Kf7 40. Rh6 Ke8 41. a4 Rg8 42. Rh7 e6 43. Bd6 Rxh7 44. Bxd5 Rh3+ 45. Kf4 cxd5 46. Ke5 Rh4 47.
Kxe6 Re4+ 48. Kxd5 Kd7 49. b5 axb5 50. axb5 Rc8 51.
Be5 Rxe5+ 52. Kxe5 Rxc5+ 53. Kf6 Rxb5 54. Kg5 Ke6 55.
Kf4 Rb4+ 0-1

[Event "*** Titled Tuesday Blitz"]
[Site "Chess.com"]
[Date "2020.05.26"]
[Round "1"]
[White "KaterinaMiroshnik"]
[Black "Onischuk_V"]
[Result "0-1"]
[WhiteElo "2429"]
[BlackElo "2896"]
[TimeControl "180+1"]
[EndTime "10:08:02 PDT"]
[Termination "Onischuk_V won by resignation"]

1. d3 g6 2. Nd2 Bg7 3. Ngf3 c5 4. e4 Nc6 5. Be2 d6 6. O-O Nf6 7. c3 O-O 8. Re1 Nd7 9. Bf1 b5 10. Qc2 b4 11. Nc4 Ba6 12. Ne3 Rb8 13. Bd2 Qa5 14.
c4 Qd8 15. Rad1 e6 16. b3 Nde5 17. Nxe5 dxe5 18. Bc1 Nd4 19. Qb1 f5 20. exf5 exf5 21. Bb2 Bb7 22. Bxd4 cxd4 23. Nc2 a5 24. a3 bxa3 25.
Qa2 Qd6 26. Ra1 e4 27. Qxa3 Qxa3 28. Rxa3 Bc6 29. Rb1 Ra8 30. Be2 Rfb8 31. Kf1 Rb7 32. g3 Rab8 33. Rxa5 Rxb3 34. Rxb3 Rxb3 35. Ne1 Bf8 36.
Ra6 Bb7 37. Ra1 Rb2 38. Rd1 Bc5 39. Ng2 g5 40. h4 h6 41. hxg5 hxg5 42. g4 f4 43.
dxe4 Bxe4 44. Bd3 Bf3 45. Ra1 Kf7 46. Ne1 Bxg4 47. f3 Bh3+ 48. Kg1 Bb4 49. Ra7+ Ke8 50. Ra8+ Kd7 51. Ra7+ Kc8 52. Ra1 Bd2 53. Be4 Be3+ 54.
Kh1 Re2 55. c5 d3 56. c6 d2 57. Ra8+ Kc7 0-1

[Event "*** Titled Tuesday Blitz"]
[Site "Chess.com"]
[Date "2020.05.26"]
[Round "1"]
[White "SantoBlue"]
[Black "Dmitry_M1"]
[Result "1-0"]
[WhiteElo "2797"]
[BlackElo "2403"]
[TimeControl "180+1"]
[EndTime "10:08:02 PDT"]
[Termination "SantoBlue won on time"]

1. e4 c6 2. d4 d5 3. Nc3 dxe4 4. Nxe4 Nf6 5. Nxf6+ exf6 6. c3 Bd6 7. Bd3 O-O 8. Qc2 h6 9. Ne2 Qc7 10. Ng3 c5 11.
dxc5 Re8+ 12. Ne4 Bxc5 13. O-O Bf8 14. Re1 Be6 15. Be3 Nc6 16. Rad1 Ne5 17. Bf1 Red8 18.
Rxd8 Rxd8 19. h3 a6 20. a4 Bxh3 21. f4 Ng4 22. gxh3 Nxe3 23. Rxe3 f5 24. Nf2 Qxf4 25. Rd3 Bd6 26. Bg2 Re8 27. Qd1 Bc5 28. Rf3 Qg5 29. Kf1 g6 30. b4 Ba7 31. Rd3 Qf4 32. Qd2 Qh2 33. Rd8 Rxd8 34. Qxd8+ Kg7 35. Qd2 Qe5 36. a5 Kh7 37. Bxb7 Qg3 38. Bg2 Qe5 39. Qd3 Be3 40. Nd1 Qf4+ 41. Ke2 Bg1 42. Qf3 Qe5+ 43. Kd2 Qd6+ 44.
Kc2 Ba7 45. Qd5 Qf6 46. Qb7 Bf2 47. Bd5 Be1 48. Qxf7+ Qxf7 49. Bxf7 Kg7 50. Bc4 1-0

[Event "*** Titled Tuesday Blitz"]
[Site "Chess.com"]
[Date "2020.05.26"]
[Round "1"]
[White "poummba"]
[Black "Klavdia_Nik"]
[Result "1-0"]
[WhiteElo "2488"]
[BlackElo "2060"]
[TimeControl "180+1"]
[EndTime "10:08:02 PDT"]
[Termination "poummba won on time"]

1. e4 e5 2. Nf3 Nc6 3. Nc3 Nf6 4.
Be2 Be7 5. d4 d6 6. dxe5 dxe5 7.
Qxd8+ Bxd8 8. Be3 O-O 9. O-O-O Bg4 10. h3 Bxf3 11. Bxf3 a6 12. Nd5 h6 13. Nxf6+ Bxf6 14. Rd7 Rac8 15. Be2 Rfd8 16. Rhd1 Nd4 17. Rxd8+ Rxd8 18.
Bg4 Nc6 19. Rxd8+ Nxd8 20. b4 Bg5 21. Kd2 Kf8 22. Bxg5 hxg5 23. Kd3 Ke7 24. Kc4 Kd6 25. a4 c6 26. a5 g6 27. g3 f6 28. Kd3 Kc7 29.
c4 b6 30. Kc3 c5 31. Kb3 Nc6 32. axb6+ Kxb6 33. bxc5+ Kxc5 34. Kc3 Nd4 35. Bd7 a5 36. Be8 Nf3 37. Bxg6 Ng1 38. h4 gxh4 39. gxh4 Nf3 40. h5 Ng5 41. h6 1-0

[Event "*** Titled Tuesday Blitz"]
[Site "Chess.com"]
[Date "2020.05.26"]
[Round "1"]
[White "XDPS"]
[Black "Danfii"]
[Result "0-1"]
[WhiteElo "2714"]
[BlackElo "2384"]
[TimeControl "180+1"]
[EndTime "10:08:03 PDT"]
[Termination "Danfii won by resignation"]

1. e4 e5 2. Nf3 Nc6 3. Bb5 Nf6 4. Nc3 Nd4 5. Bc4 Bc5 6. O-O d6 7. h3 h6 8. d3 Be6 9. Be3 O-O 10.
Nh2 d5 11. exd5 Nxd5 12. Nxd5 Bxd5 13. Ng4 Bxc4 14. dxc4 f6 15. c3 Ne6 16. Qd5 Qxd5 17. cxd5 Bxe3 18. Nxe3 Nc5 19. Rad1 Rad8 20. Rfe1 Kf7 21.
g4 h5 22. Kg2 a5 23. f3 a4 24. Kg3 hxg4 25. hxg4 Rh8 26. Rd2 Rh7 27. Ng2 Rdh8 28. Rb1 Rh3+ 29. Kf2 e4 30. f4 Nd3+ 31. Ke2 Rh2 32.
Ke3 R8h3+ 33. Kxe4 Nc5+ 34. Kd4 b6 35. Rg1 Rg3 36. g5 fxg5 37. fxg5 Rhh3 38. Rf2+ Kg6 39. Kc4 Kxg5 40. Kb5 Ne4 41. Re2 Nd6+ 42. Kc6 Nf5 43. Rge1 Rh2 44. Ne3 Rxe2 45. Nxf5 Rxe1 46. Nxg3 Re7 47.
Nf1 Kf4 48. Nd2 g5 49. Nc4 g4 50. d6 cxd6 51. Kxd6 Rg7 52. Nxb6 g3 53. Nd5+ Kf3 54.
c4 g2 55. c5 g1=Q 56. c6 Qg3+ 57. Kc5 Qe5 58. b4 Ke4 0-1

[Event "*** Titled Tuesday Blitz"]
[Site "Chess.com"]
[Date "2020.05.26"]
[Round "1"]
[White "vanyakuba"]
[Black "AungTZ"]
[Result "1-0"]
[WhiteElo "2474"]
[BlackElo "1986"]
[TimeControl "180+1"]
[EndTime "10:08:03 PDT"]
[Termination "vanyakuba won by checkmate"]

1. e4 c5 2. c3 Nf6 3. e5 Nd5 4. d4 cxd4 5. Nf3 Nc6 6. cxd4 d6 7. Bc4 e6 8. a3 Be7 9. O-O O-O 10. Qe2 b6 11. Rd1 Bb7 12. Qe4 dxe5 13. dxe5 Na5 14. Bd3 g6 15. Bc2 Rc8 16. Bh6 Re8 17. Qe2 Qc7 18.
Bd3 Nb3 19. Ra2 Red8 20. Nbd2 Nc1 21. Rxc1 Qxc1+ 22. Ne1 Nc7 23. Kf1 Na6 24. b4 Bd5 25. Rc2 Rxc2 26. Bxc2 Nc7 27. Bd3 b5 28. Be3 Bc4 29.
Nxc4 bxc4 30. Bxc1 cxd3 31. Nxd3 Nd5 32. Bb2 Bf8 33.
g3 Bg7 34. Kg2 Ne7 35. f4 Nf5 36. Nf2 h5 37. Ne4 Nh6 38. Nf6+ Bxf6 39. exf6 Nf5 40. h3 h4 41. g4 Ng3 42. Qc2 Rd5 43. Be5 Ne2 44.
Qc8+ Kh7 45. Qf8 Nxf4+ 46. Bxf4 Rd2+ 47. Bxd2 g5 48. Qg7# 1-0

[Event "*** Titled Tuesday Blitz"]
[Site "Chess.com"]
[Date "2020.05.26"]
[Round "1"]
[White "VerdeNotte"]
[Black "Tejas_Rama"]
[Result "1-0"]
[WhiteElo "2768"]
[BlackElo "2393"]
[TimeControl "180+1"]
[EndTime "10:08:04 PDT"]
[Termination "VerdeNotte won by checkmate"]

1. e4 c5 2. Nc3 Nc6 3. Bb5 Nd4 4.
Bc4 e6 5. Nf3 a6 6. Nxd4 cxd4 7.
Ne2 Bc5 8. c3 dxc3 9. bxc3 b5 10.
Bb3 d6 11. d4 Bb6 12. O-O Nf6 13.
Ng3 Bb7 14. Re1 Rc8 15. Qd3 Qc7 16. Bd2 O-O 17. a4 bxa4 18. Rxa4 d5 19. exd5 exd5 20. Re5 Rfe8 21. Rxe8+ Rxe8 22. f3 g6 23. Ra1 a5 24.
Bg5 Kg7 25. Qd2 Rc8 26. Rc1 Ng8 27. Bf4 Qd7 28. Be5+ f6 29. Bf4 Ne7 30. h4 a4 31.
Bc2 a3 32. h5 Bc7 33. h6+ Kf7 34. Bb3 Bxf4 35. Qxf4 g5 36. Qe3 Ng6 37. Re1 Re8 38. Qd2 Nf4 39. Nf1 Rxe1 40. Qxe1 Qe6 41. Qxe6+ Kxe6 42. Nd2 Ba6 43. Nb1 Ne2+ 44. Kf2 Bc4 45. Bxc4 dxc4 46.
Nxa3 Nf4 47. Nxc4 Nd3+ 48. Ke2 Nf4+ 49. Kf2 Kd5 50. Ne3+ Ke6 51. c4 Nd3+ 52. Ke2 Nf4+ 53. Kd2 f5 54. g3 Ng6 55. Kd3 Ne7 56. d5+ Kf6 57. Kd4 f4 58. Ng4+ Kf5 59. gxf4 Kxf4 60.
d6 Nf5+ 61. Kd5 Kxf3 62. Ne5+ Kf4 63. d7 Ne7+ 64. Ke6 Nc6 65. Nxc6 g4 66. d8=Q Kf3 67. Ne5+ Kg3 68. Qg5 Kh3 69. Qxg4+ Kh2 70. Nf3+ Kh1 71. Qg1# 1-0

[Event "*** Titled Tuesday Blitz"]
[Site "Chess.com"]
[Date "2020.05.26"]
[Round "1"]
[White "JTCoach"]
[Black "Parkas"]
[Result "1-0"]
[WhiteElo "2658"]
[BlackElo "2305"]
[TimeControl "180+1"]
[EndTime "10:08:05 PDT"]
[Termination "JTCoach won by resignation"]

1. e4 g6 2. d4 Bg7 3. Nc3 a6 4.
g3 b5 5. Bg2 Bb7 6. a3 e6 7.
Nge2 Ne7 8. O-O O-O 9. Be3 d5 10. e5 Nd7 11. f4 Nf5 12. Bf2 h5 13. h3 Rc8 14. Nb1 c5 15. c3 cxd4 16. cxd4 Nb6 17. b3 Qe7 18. Nd2 Rc7 19. Nf3 Rfc8 20. Ra2 a5 21. g4 hxg4 22. hxg4 Nh6 23. Bh3 a4 24. b4 Nc4 25. Qd3 Rc6 26. Bh4 Qc7 27.
Bg5 Nb6 28. f5 gxf5 29. gxf5 Rc2 30. Rxc2 Qxc2 31. Qxc2 Rxc2 32. Ng3 exf5 33. Nxf5 Nxf5 34. Bxf5 Rc3 35. e6 f6 36. e7 Kf7 37. Re1 Bc6 38.
Be3 Rxa3 39. Nh4 Kxe7 40. Bc1+ Kd8 41. Bxa3 Bh6 42. Bc1 Bxc1 43. Rxc1 Nc4 44. Ng2 Be8 45. Nf4 Ke7 46. Nxd5+ Kd6 47. Nc3 Bc6 48. Bd3 a3 49.
Bxc4 bxc4 50. b5 Bb7 51. Ra1 f5 52. Rxa3 f4 53. Kf2 1-0

[Event "*** Titled Tuesday Blitz"]
[Site "Chess.com"]
[Date "2020.05.26"]
[Round "1"]
[White "Shubinkirill2003"]
[Black "Antelacus"]
[Result "1-0"]
[WhiteElo "2598"]
[BlackElo "2259"]
[TimeControl "180+1"]
[EndTime "10:08:05 PDT"]
[Termination "Shubinkirill2003 won by resignation"]

1. e4 c5 2. Nf3 d6 3. d4 cxd4 4. Qxd4 Nc6 5. Bb5 Bd7 6. Qd3 g6 7. c4 Bg7 8. Nc3 Nf6 9. h3 O-O 10. O-O a6 11. Bxc6 bxc6 12. Be3 Qc7 13. Rfd1 Rfd8 14.
Rac1 c5 15. b3 Bc6 16. Nd5 Bxd5 17. exd5 a5 18. Re1 a4 19. Bf4 axb3 20. axb3 Ra3 21. Re2 Rda8 22. Rce1 Bf8 23. Bg5 Qb7 24. Nd2 Ra1 25. Qf3 Rxe1+ 26. Rxe1 Bg7 27. Qe3 Ra7 28. Bh6 Qb4 29. Bxg7 Kxg7 30. Kh2 Ra2 31. Nf3 Ra7 32. Qd3 Rb7 33. Re3 Qb6 34. Qe2 Qc7 35. Nd2 Qd7 36.
Rf3 Qc7 37. Ne4 Nxe4 38. Qxe4 Qd7 39. Qf4 Qe8 40. h4 h5 41. g4 hxg4 42. Qxg4 Qd7 43.
Qf4 f5 44. Rg3 Rb8 45. Qg5 Qe8 46. h5 Qf7 47. Re3 Rb7 48. Re6 Kf8 49. hxg6 Qg7 50. Qxf5+ Ke8 51. Re3 Kd8 52. Rf3 Qh6+ 53. Kg2 Kc7 54.
Rg3 Qg7 55. Qf7 Qe5 56. g7 Qe4+ 57. Qf3 Qxf3+ 58. Rxf3 Rb8 59. Rf8 1-0

[Event "*** Titled Tuesday Blitz"]
[Site "Chess.com"]
[Date "2020.05.26"]
[Round "1"]
[White "quesfr"]
[Black "sofaceindisguise"]
[Result "0-1"]
[WhiteElo "2300"]
[BlackElo "2636"]
[TimeControl "180+1"]
[EndTime "10:08:06 PDT"]
[Termination "sofaceindisguise won on time"]

1. e4 c5 2. Nf3 d6 3. d4 cxd4 4.
Nxd4 Nf6 5. Nc3 a6 6. Nb3 g6 7. Be2 Bg7 8. Be3 O-O 9. g4 Nc6 10. h4 b5 11. h5 Be6 12. hxg6 fxg6 13. Bh6 Rc8 14. Bxg7 Kxg7 15. Qd2 Ne5 16. Qh6+ Kg8 17. g5 Nh5 18. Bxh5 Rxc3 19. Bxg6 Nf3+ 20. Kd1 Rf7 21. Bxh7+ Rxh7 22. Qxh7+ Kf8 23. Qh8+ Bg8 24. Rh7 Rc4 25. Qg7+ Ke8 26. Qxg8+ Kd7 27. Qxd8+ Kxd8 28. g6 Rxe4 29. c3 Rg4 30. Kc2 Rxg6 31. Nd2 Ne5 32. Rah1 Rg2 33.
R1h2 Rg4 34. R7h4 Rg1 35. f4 Ng6 36. Rh1 Rg2 37. R4h2 Rg3 38. Rf2 Kd7 39. Ne4 Re3 40.
Nd2 Rg3 41. b3 Nf8 42. a4 Ne6 43. axb5 axb5 44. Rh5 Nc5 45. b4 Na4 46. Rxb5 Rxc3+ 47. Kd1 Rc7 48. Ra5 Nc3+ 49. Ke1 Rb7 50. Rf3 Rc7 51. Ra8 Kc6 0-1

[Event "*** Titled Tuesday Blitz"]
[Site "Chess.com"]
[Date "2020.05.26"]
[Round "1"]
[White "farzadbfd"]
[Black "Susal_De_Silva"]
[Result "1/2-1/2"]
[WhiteElo "2744"]
[BlackElo "2392"]
[TimeControl "180+1"]
[EndTime "10:08:07 PDT"]
[Termination "Game drawn by repetition"]

1. e4 e5 2. Nf3 Nc6 3. Bc4 Nf6 4. d3 Bc5 5. O-O O-O 6. Re1 d6 7. c3 a6 8. Bb3 Ba7 9. Nbd2 h6 10. Nf1 Be6 11. Ng3 Ne7 12. d4 Ng6 13. Bxe6 fxe6 14.
dxe5 Nxe5 15. Nxe5 dxe5 16. Be3 Bxe3 17. Rxe3 Qxd1+ 18. Rxd1 Rfd8 19. Red3 Rxd3 20. Rxd3 Kf7 21. f3 Ke7 22.
Kf2 Rf8 23. Ke2 g6 24. Nf1 Nd7 25. Ne3 Nc5 26. Rd2 Nd7 27. a4 b6 28. b4 h5 29. h4 Rf4 30. g3 Rf8 31. Nc4 Rg8 32. Ke3 Rf8 33. a5 b5 34. Nb2 c5 35. Nd3 c4 36. Nf2 Rd8 37. Nh3 Rf8 38. Rg2 Nf6 39. Nf2 Rd8 40. g4 hxg4 41. fxg4 Rh8 42. Rh2 g5 43. h5 Rd8 44. Rh1 Kf7 45. Ke2 Ke7 46.
Rd1 Rxd1 47. Kxd1 Kf7 48. Ke2 Ke7 49. Kf3 Nh7 50. Nh3 Kf6 51. Ke3 Ke7 52. Ng1 Kf6 53. Nf3 Nf8 54. Kf2 Nh7 55. Kg3 Nf8 56.
Kg2 Nh7 57. Kf1 Nf8 58. Ke2 Nh7 59. Nd2 Ke7 60. Ke3 Nf6 61. Kf3 Nh7 62. h6 Kd6 63. Ke3 Nf6 64. Kf3 Nh7 65. Nf1 Ke7 66. Ng3 Kf6 67. Nf1 Ke7 68. Nd2 Kd6 1/2-1/2

[Event "*** Titled Tuesday Blitz"]
[Site "Chess.com"]
[Date "2020.05.26"]
[Round "1"]
[White "Quattroporte300"]
[Black "vanea_03"]
[Result "0-1"]
[WhiteElo "2311"]
[BlackElo "2670"]
[TimeControl "180+1"]
[EndTime "10:08:07 PDT"]
[Termination "vanea_03 won by resignation"]

1. e4 e5 2. Nf3 Nc6 3. Bb5 a6 4.
Ba4 Nf6 5. O-O Bc5 6. c3 b5 7. Bb3 d6 8. d4 Bb6 9. a4 Rb8 10. a5 Ba7 11. h3 O-O 12. Be3 exd4 13. cxd4 Nb4 14. Nbd2 Bb7 15. Qb1 h6 16. Re1 Re8 17. Bf4 Nc6 18. Qd3 Ne7 19. Bg3 c5 20. dxc5 dxc5 21.
Qxd8 Rbxd8 22. e5 Nfd5 23. e6 fxe6 24. Rxe6 c4 25. Bc2 Bc8 26. Re5 Nc6 27. Rxe8+ Rxe8 28. Be4 Ncb4 29. Rd1 Nf6 30. Bb1 Rd8 31. Re1 Bc5 32.
Ne4 Nxe4 33. Bxe4 Nd3 34. Rd1 Bb4 35. Ne5 Re8 36. Bxd3 cxd3 37. Rxd3 Bxa5 38. Rd6 Bb4 39. Rc6 Bb7 40. Rc7 Bd5 41. Nc6 Bf8 42. Ne5 Bd6 43.
Rd7 Bxe5 44. Rxd5 Bxg3 45. fxg3 Re2 46. Rd7 Rxb2 47. Ra7 Ra2 48. Ra8+ Kh7 49. g4 Ra4 50. Kh2 b4 51. Rb8 a5 52. h4 Ra3 0-1

[Event "*** Titled Tuesday Blitz"]
[Site "Chess.com"]
[Date "2020.05.26"]
[Round "1"]
[White "Gennady_Kozlov"]
[Black "the_drake"]
[Result "1/2-1/2"]
[WhiteElo "2560"]
[BlackElo "2223"]
[TimeControl "180+1"]
[EndTime "10:08:07 PDT"]
[Termination "Game drawn by agreement"]

1. b3 Nf6 2. Bb2 g6 3. e3 Bg7 4.
f4 O-O 5. Nf3 b6 6. Be2 Bb7 7.
O-O c5 8. a4 d6 9. Na3 Nbd7 10.
d3 e6 11. Rb1 Rc8 12. Nb5 Nd5 13. Bxg7 Kxg7 14. Qd2 N7f6 15. Nxa7 Ra8 16. Nb5 Nc7 17. Nxc7 Qxc7 18. e4 Nd7 19. g4 d5 20. e5 d4 21.
Ng5 h6 22. Ne4 Bxe4 23. dxe4 Nb8 24. Bb5 Nc6 25. Bxc6 Qxc6 26. Qd3 Ra5 27. f5 b5 28.
f6+ Kh7 29. axb5 Qxb5 30. Qf3 c4 31. bxc4 Qxe5 32. Rb7 Ra2 33. Rf2 Ra1+ 34. Kg2 Re1 35. Re2 Rxe2+ 36. Qxe2 Qxf6 37. e5 Qf4 38. c5 h5 39.
gxh5 gxh5 40. Qxh5+ Kg7 41. c6 Qe4+ 42. Qf3 Qxe5 43.
h4 Rg8 44. Kf1 Rf8 45. h5 Qf5 46. Qxf5 exf5 47. Rd7 Rc8 48. c7 Kh6 49. Ke2 Kxh5 50. Kd3 Kg4 51. Kxd4 f6 52. Kd5 f4 53. Kc6 f3 54. Rg7+ Kf4 55. Rg1 Ke3 56. Kd7 Rxc7+ 57. Kxc7 f2 58. Rh1 f5 59. c4 f4 60. c5 f3 61. c6 Ke2 62. Kd6 f1=Q 63. Rxf1 Kxf1 64.
c7 f2 65. c8=Q Kg1 66. Qg4+ Kh1 67. Qh3+ Kg1 68. Qg3+ Kh1 69. Ke5 f1=Q 1/2-1/2

[Event "*** Titled Tuesday Blitz"]
[Site "Chess.com"]
[Date "2020.05.26"]
[Round "1"]
[White "MomchilPetkov"]
[Black "joejan"]
[Result "1/2-1/2"]
[WhiteElo "2530"]
[BlackElo "2206"]
[TimeControl "180+1"]
[EndTime "10:08:07 PDT"]
[Termination "Game drawn - insufficient material"]

1. d4 Nf6 2. c4 e6 3. Nc3 Bb4 4. Bd2 O-O 5. e3 d5 6. Nf3 Nbd7 7. cxd5 exd5 8. Bd3 c6 9. O-O Re8 10. Rc1 Nf8 11. Ne5 Ng6 12. f4 Bd6 13. Be1 a5 14. Qf3 Qb6 15. Rc2 a4 16. Bg3 a3 17. b3 Re7 18. Kh1 Qd8 19. h4 Qe8 20. h5 Bxe5 21. fxe5 Bg4 22. exf6 Bxf3 23. hxg6 Rxe3 24. gxh7+ Kh8 25.
fxg7+ Kxg7 26. Rxf3 Rxf3 27. gxf3 f6 28. Rg2 Qh5+ 29.
Bh2+ Kf7 30. Bg6+ Qxg6 31. Rxg6 Kxg6 32. Bd6 Kxh7 33. Kg2 Kg6 34. Kf2 Kf5 35. Ne2 b6 36. Bb4 Ke6 37. Ke3 Rh8 38. Bxa3 Ra8 39. Bc1 Rxa2 40.
b4 Rc2 41. Bd2 Ra2 42. Kd3 Ra3+ 43. Bc3 Kf5 44. Ke3 Kg5 45. Kd3 Kh4 46. Nf4 Kg3 47. Nh5+ Kxf3 48. Nxf6 Ra7 49. Bd2 Re7 50. Ng8 Rc7 51. Nh6 c5 52. bxc5 bxc5 53. dxc5 Rxc5 54. Nf5 Kg4 55. Nd4 Rc4 56. Be3 Ra4 57. Ne2 Kh3 58. Bd4 Kh4 59. Nc3 Rxd4+ 60. Kxd4 Kg4 61. Nxd5 1/2-1/2

[Event "*** Titled Tuesday Blitz"]
[Site "Chess.com"]
[Date "2020.05.26"]
[Round "1"]
[White "Oleksandr_Bortnyk"]
[Black "2nd_life"]
[Result "1-0"]
[WhiteElo "2982"]
[BlackElo "2449"]
[TimeControl "180+1"]
[EndTime "10:08:09 PDT"]
[Termination "Oleksandr_Bortnyk won on time"]

1. e4 e5 2. Bc4 Nf6 3. d3 c6 4. Nf3 d5 5. Bb3 Qc7 6. h3 Bd6 7. Nc3 dxe4 8. Ng5 O-O 9. Ncxe4 Nxe4 10. Nxe4 Bf5 11. Qf3 Bxe4 12. dxe4 Na6 13. c3 Nc5 14. Bc2 a5 15. O-O a4 16. Qg4 Ne6 17. Rb1 Rfd8 18.
g3 Bf8 19. h4 g6 20. h5 b5 21. b4 c5 22. bxc5 Qxc5 23. Qf3 Rac8 24. Bb2 Rd2 25. Bd3 Ng5 26. Qg4 Rxd3 27. Qxg5 Be7 28. Qg4 Rcd8 29. Bc1 Rxc3 30. hxg6 hxg6 31. Be3 Qc4 32. Kg2 b4 33. Rh1 Rxe3 34. fxe3 Rd2+ 35. Kh3 Qe2 36. Qxe2 Rxe2 37. Rh2 Rxe3 38. Rc1 Rxe4 39. Rc7 Bf6 40. Ra7 Kg7 41. Rxa4 Rd4 42. Rb2 Be7 43. Re2 Bd6 44.
Ra7 e4 45. Kg2 Rd3 46. Rxe4 Rxg3+ 47. Kf1 Ra3 48. Rd7 Bc5 49. Rf4 Kh6 50. Rfxf7 Rxa2 51. Rh7+ Kg5 52. Rd5+ Kg4 53. Rxc5 b3 54. Rb7 b2 55.
Rcb5 1-0

[Event "*** Titled Tuesday Blitz"]
[Site "Chess.com"]
[Date "2020.05.26"]
[Round "1"]
[White "okriak"]
[Black "MathiasWomacka"]
[Result "0-1"]
[WhiteElo "2717"]
[BlackElo "2387"]
[TimeControl "180+1"]
[EndTime "10:08:09 PDT"]
[Termination "MathiasWomacka won by resignation"]

1. Nf3 c5 2. c4 Nf6 3. Nc3 e6 4. g3 b6 5. Bg2 Bb7 6. O-O Be7 7.
Re1 d5 8. cxd5 Nxd5 9. d4 Nxc3 10. bxc3 Be4 11. Ne5 Bxg2 12. Kxg2 Qd5+ 13. e4 Qb7 14.
Qa4+ Nd7 15. Rb1 Bd6 16. Nc4 Be7 17. Ne5 Bd6 18. Bf4 Bxe5 19. Bxe5 O-O 20. Bd6 Rfc8 21. Kg1 Qc6 22. Qxc6 Rxc6 23. Bf4 cxd4 24. cxd4 Nf6 25. Rb2 Rac8 26. Ree2 h6 27. Kg2 Rc4 28. Rbd2 Rd8 29.
Be5 Nd7 30. Bd6 Nf6 31. Be5 Ng4 32. f3 Nxe5 33. dxe5 Rxd2 34. Rxd2 Ra4 35. g4 g5 36. Kg3 Ra3 37. Rf2 Ra5 38. h4 Rxe5 39. hxg5 hxg5 40. Rc2 Ra5 41. Kf2 Ra3 42. Kg3 Kg7 43. Rd2 Kf6 44. Kg2 b5 45. Kg3 b4 46. Rd4 a5 47. Rd2 Rc3 48.
Rh2 a4 49. Rb2 b3 50. axb3 axb3 51. Rd2 Ke5 52. Rd7 b2 53. Rb7 Rc2 54. Rb4 Kd6 55. Rb8 Kc5 56. Rc8+ Kd4 57. Rxc2 b1=Q 58. Re2 Qf1 59. Ra2 Qe1+ 60. Kg2 Ke3 61. Ra3+ Kf4 62. Rb3 Qe2+ 63. Kh3 Qf2 0-1

[Event "*** Titled Tuesday Blitz"]
[Site "Chess.com"]
[Date "2020.05.26"]
[Round "1"]
[White "grzechu96"]
[Black "miruna_daria28"]
[Result "1-0"]
[WhiteElo "2608"]
[BlackElo "2271"]
[TimeControl "180+1"]
[EndTime "10:08:09 PDT"]
[Termination "grzechu96 won on time"]

1. e4 e6 2. d4 d5 3. Nc3 Bb4 4. exd5 exd5 5. Bd3 Nc6 6. a3 Bxc3+ 7. bxc3 Nge7 8.
Qh5 Ng6 9. Nf3 O-O 10. Ng5 h6 11. Nxf7 Qe8+ 12. Be3 Qxf7 13. Bxg6 Qf6 14. Qxd5+ Be6 15.
Qh5 Bc4 16. Bd3 Bxd3 17. cxd3 Kh7 18. O-O Ne7 19. Qe5 Qf7 20. Qe4+ Kh8 21. Qxb7 Nf5 22. Rab1 Rae8 23. Qb3 Qg6 24. Bf4 Nxd4 25. cxd4 Rxf4 26.
Qc3 Rg4 27. g3 h5 28. Rbe1 Rf8 29. Re5 h4 30. Qc5 hxg3 31. Rh5+ Kg8 32. Qd5+ Rf7 33. Qd8+ Rf8 34. Qd5+ Rf7 35. fxg3 Rxg3+ 36. hxg3 Qxg3+ 37. Qg2 Qe3+ 38. Kh2 Rxf1 39. Qxf1 Qxd4 40. Rh3 Qd6+ 41.
Rg3 Qxa3 42. Qg2 Qd6 43. Kh1 Qe7 44. Qd5+ Kh7 45. Rh3+ Kg6 46. Qe4+ Qxe4+ 47. dxe4 Kf6 48. Rc3 Ke5 49. Rxc7 Kxe4 50. Rxg7 a5 51. Ra7 Kd4 52. Rxa5 Kc3 53. Rg5 1-0

[Event "*** Titled Tuesday Blitz"]
[Site "Chess.com"]
[Date "2020.05.26"]
[Round "1"]
[White "GeorgMeier"]
[Black "pooh2012"]
[Result "1-0"]
[WhiteElo "2983"]
[BlackElo "2451"]
[TimeControl "180+1"]
[EndTime "10:08:10 PDT"]
[Termination "GeorgMeier won by resignation"]

1. Nf3 Nf6 2. g3 b5 3. Bg2 Bb7 4. O-O e6 5. d3 d5 6. c4 a6 7. Bf4 Bd6 8. Bxd6 cxd6 9. cxb5 axb5 10. Qb3 Qb6 11. Nc3 Bc6 12. e3 Nbd7 13. a3 O-O 14. Nd4 Nc5 15. Qc2 Bd7 16. b4 Na4 17. Rfc1 Rfc8 18.
Nxa4 bxa4 19. Qb2 e5 20. Ne2 Qb5 21. Qd2 Bf5 22. Nc3 Qxd3 23. Qxd3 Bxd3 24. Nxd5 Nxd5 25.
Bxd5 Rab8 26. f3 Kf8 27. Kf2 Ke7 28. Ke1 Bb5 29. Kd2 Bd7 30. h4 Be6 31. Bc6 d5 32. Bxa4 Kd6 33. Bb3 h6 34. Rxc8 Rxc8 35. Rc1 Ra8 36. a4 Rb8 37. b5 f5 38. Rc6+ Kd7 39. f4 exf4 40. gxf4 g5 41. fxg5 hxg5 42. hxg5 Rg8 43. Ra6 Rxg5 44. Kd3 Rg3 45. Kd4 Rg4+ 46.
Kc5 Re4 47. Ra7+ Ke8 48. Bxd5 Bxd5 49. Kxd5 Rxe3 50. b6 Kd8 51. a5 Kc8 52. Rf7 Ra3 53. Kc6 Rc3+ 54. Kb5 Re3 55. a6 Re5+ 56. Kc4 Re6 57.
Rf8+ Kd7 58. a7 Kc6 59. a8=Q+ 1-0